[Event "*** Titled Tuesday Blitz"]
[Site "Chess.com"]
[Date "2021.03.30"]
[Round "1"]
[White "FMalexhdez"]
[Black "AldokhinIvan"]
[Result "0-1"]
[WhiteElo "2227"]
[BlackElo "2543"]
[TimeControl "180+1"]
[EndTime "10:07:25 PDT"]
[Termination "AldokhinIvan won by resignation"]

1. e4 c5 2. Nf3 e6 3. d4 cxd4 4. Nxd4 a6 5. Nc3 Qc7 6. g3 Nf6 7. Bg2 Be7 8. O-O d6 9. a4 O-O 10. h3 Nc6 11. Nb3 Rd8 12. Be3 Ne5 13. Nd2 d5 14. exd5 exd5 15. Qe2 d4 16. Bf4 dxc3 17. Bxe5 Rxd2 18. Qxd2 Qxe5 19. bxc3 Be6 20. Bxb7 Rd8 21.
Qe3 Qxe3 22. fxe3 a5 23. Bg2 Bc5 24. Rfe1 h5 25. Rad1 Rc8 26. Kh2 Ba7 27. e4 Rxc3 28. e5 Nd7 29. Re2 h4 30. gxh4 Be3 31. Rd3 Bf4+ 32.
Kg1 Rxd3 33. cxd3 Bxe5 34. Bc6 Bd4+ 35. Kh2 Ne5 36. Bb5 Bf5 37. Kg3 Nxd3 38. Re8+ Kh7 39. Rd8 Be5+ 40. Kf3 Nc5 41. Rf8 Kg6 42. Ra8 Be4+ 0-1

[Event "*** Titled Tuesday Blitz"]
[Site "Chess.com"]
[Date "2021.03.30"]
[Round "1"]
[White "manitodeplomo"]
[Black "Sofiia_Hryzlova"]
[Result "0-1"]
[WhiteElo "2577"]
[BlackElo "2313"]
[TimeControl "180+1"]
[EndTime "10:07:26 PDT"]
[Termination "Sofiia_Hryzlova won by resignation"]

1. d4 Nf6 2. c4 e6 3. Nf3 c5 4.
d5 exd5 5. cxd5 d6 6. Nc3 g6 7. h3 Bg7 8. e4 O-O 9. Bd3 Re8 10. O-O c4 11. Bxc4 Nxe4 12. Nxe4 Rxe4 13. Bg5 Qb6 14. Bd3 Rb4 15. Re1 Bd7 16. Rc1 Na6 17. Re7 Rxb2 18.
Be3 Qd8 19. Re4 Bf5 20. Rf4 Bxd3 21. Qxd3 Nb4 22. Qc4 Nxa2 23. Qc7 Nxc1 24. Rxf7 Qxc7 25. Rxc7 Ne2+ 26. Kf1 Rf8 27. Ng5 Be5 28. Ne6 Re8 29. f4 Bf6 30. g4 Ng3+ 31. Kg1 Re2 32. Bxa7 R8xe6 33. dxe6 Rxe6 34. Kg2 Ne2 35. Kf3 Nd4+ 36. Bxd4 Bxd4 37. Rxb7 Rf6 38. Ke4 Bc5 39. f5 Rf7 40.
Rb8+ Kg7 41. Re8 gxf5+ 42. gxf5 Kf6 43. Re6+ Kg5 44. h4+ Kxh4 45. Kf4 Kh5 46. f6 d5 47.
Kf5 Bf2 48. Re7 Rxf6+ 49. Kxf6 Bh4+ 50. Ke5 Bxe7 51. Kxd5 Kg4 0-1

[Event "*** Titled Tuesday Blitz"]
[Site "Chess.com"]
[Date "2021.03.30"]
[Round "1"]
[White "Djager97"]
[Black "pfalcon1949"]
[Result "1-0"]
[WhiteElo "2487"]
[BlackElo "1991"]
[TimeControl "180+1"]
[EndTime "10:07:26 PDT"]
[Termination "Djager97 won by resignation"]

1. e4 c5 2. Nf3 Nc6 3. d4 cxd4 4.
Nxd4 Nf6 5. Nc3 e5 6. Ndb5 d6 7. Bg5 a6 8. Na3 b5 9. Nd5 Be7 10. Bxf6 Bxf6 11. c4 b4 12. Nc2 O-O 13. g3 a5 14. Bg2 Bg5 15. O-O Kh8 16. b3 g6 17.
Qd3 Rb8 18. Rad1 f5 19. exf5 Bxf5 20. Be4 Bh6 21. Bxf5 gxf5 22. f4 e4 23. Qd2 Bg7 24. Kg2 Rb7 25. Nde3 Rd7 26. a3 Bc3 27. Qd5 Ne7 28.
Qb5 Ng6 29. axb4 axb4 30. Nd5 Rg8 31. Kh1 Rdg7 32. Nxc3 bxc3 33. Qxf5 Qa8 34. Ne3 Ne7 35. Qe6 Qa2 36. Qxe4 Qxb3 37. Rxd6 Qb2 38. Re6 Ng6 39. f5 Nf8 40. Re7 c2 41. Rxg7 c1=Q 42. Rxg8+ Kxg8 43. Rxc1 Qxc1+ 44. Kg2 Qd2+ 45. Kh3 Qf2 46. c5 Qa2 47.
Qc4+ Qxc4 48. Nxc4 Nd7 49. c6 Nb6 50. Nxb6 1-0

[Event "*** Titled Tuesday Blitz"]
[Site "Chess.com"]
[Date "2021.03.30"]
[Round "1"]
[White "Beca95"]
[Black "anasta10"]
[Result "0-1"]
[WhiteElo "2904"]
[BlackElo "2481"]
[TimeControl "180+1"]
[EndTime "10:07:27 PDT"]
[Termination "anasta10 won on time"]

1. d4 Nf6 2. c4 g6 3. Nc3 d5 4.
cxd5 Nxd5 5. Bd2 Bg7 6. e4 Nxc3 7. Bxc3 O-O 8. Qd2 c5 9. d5 Bxc3 10. bxc3 b6 11. h4 h5 12. Nf3 e6 13. d6 Nc6 14.
Rd1 e5 15. Bb5 Bd7 16. O-O Nd4 17. cxd4 Bxb5 18. dxe5 Bxf1 19. Kxf1 Kg7 20. Qc3 Kh6 21. Ng5 Qd7 22. f3 Rac8 23. Rd5 Rc6 24. Kg1 Rfc8 25.
Qc4 b5 26. Qxb5 c4 27. Rc5 a6 28. Qa4 c3 29. Kh2 Qe8 30. d7 Qxd7 31. Rxc3 Qe8 32.
Rxc6 Rxc6 33. Qa5 Kg7 34. Qd5 Rc7 35. Qd6 Qe7 36. Qd4 Qc5 0-1

[Event "*** Titled Tuesday Blitz"]
[Site "Chess.com"]
[Date "2021.03.30"]
[Round "1"]
[White "Tacticus_Severus"]
[Black "crazyluzhinTh3"]
[Result "0-1"]
[WhiteElo "2051"]
[BlackElo "2498"]
[TimeControl "180+1"]
[EndTime "10:07:27 PDT"]
[Termination "crazyluzhinTh3 won by resignation"]

1. e4 d6 2. d4 Nf6 3. Nc3 g6 4. Nf3 Bg7 5. Be2 O-O 6. O-O Nc6 7. Be3 e6 8. Qd2 b6 9. Rad1 Bb7 10. Bg5 Ne7 11. Bd3 a6 12. Qf4 Nd7 13. Qh4 f6 14.
Bh6 b5 15. Bxg7 Kxg7 16. Qh3 e5 17. dxe5 Nxe5 18. Nd4 Bc8 19. Ne6+ Bxe6 20. Qxe6 Qd7 21. Qxd7 Nxd7 22. Rfe1 Rfe8 23. a3 Rab8 24. b4 Nb6 25. f4 h5 26. Kf2 Red8 27. Kf3 Kf7 28. Ne2 c5 29. c3 Rbc8 30. Bb1 Nc4 31. Ba2 cxb4 32. axb4 d5 33. Nd4 dxe4+ 34. Rxe4 Ng8 35. Rde1 Rd7 36. Bb3 Ne7 37. Nc2 Nf5 38. Bxc4+ bxc4 39.
Nd4 Nxd4+ 40. Rxd4 Rxd4 41. cxd4 c3 42. Rc1 Ke6 43. Ke4 c2 44. Kd3 Kd5 45. Rxc2 Rxc2 46. Kxc2 Kxd4 47. Kb3 Kd3 48. Ka4 Kc4 49. Ka5 f5 50. h4 Kb3 51. Kxa6 Kxb4 52. Kb6 Kc4 53. Kc6 Kd4 54. Kd6 Ke4 55. g3 Kf3 56. Ke5 Kxg3 0-1

[Event "*** Titled Tuesday Blitz"]
[Site "Chess.com"]
[Date "2021.03.30"]
[Round "1"]
[White "PowerThinking2650"]
[Black "c63_amg"]
[Result "0-1"]
[WhiteElo "2396"]
[BlackElo "2728"]
[TimeControl "180+1"]
[EndTime "10:07:29 PDT"]
[Termination "c63_amg won by resignation"]

1. e4 c5 2. Nf3 d6 3. d4 cxd4 4. Nxd4 Nf6 5. Nc3 a6 6. Bc4 b5 7.
Bb3 Bb7 8. O-O g6 9. f4 Nbd7 10.
Re1 Qc7 11. e5 dxe5 12. fxe5 Nxe5 13. Bf4 Nfd7 14. Nd5 Qd6 15. Nf3 Bg7 16. Nxe5 Nxe5 17. Qe2 Bxd5 18. Bxd5 Qxd5 19. Bxe5 Qxe5 20. Qxe5 Bxe5 21.
Rxe5 e6 22. Rc5 O-O 23. a4 Rfc8 24. Rxc8+ Rxc8 25. c3 b4 26. cxb4 Rb8 27. b5 axb5 28. a5 b4 29. Kf2 Kf8 30. Ke3 Ke7 31. Kd4 Kd6 32. a6 Kc6 33. Kc4 Kb6 34. Kxb4 Ra8 35. a7 Rxa7 36. Rxa7 Kxa7 37. Kc5 Kb7 38. Kd6 Kb6 39.
g4 g5 40. Ke5 Kb5 41. Kf6 h6 42. Kg7 e5 43. Kxh6 e4 44. Kxg5 e3 45. h3 e2 0-1

[Event "*** Titled Tuesday Blitz"]
[Site "Chess.com"]
[Date "2021.03.30"]
[Round "1"]
[White "VladaSviridova"]
[Black "AIROPITO7"]
[Result "1-0"]
[WhiteElo "2248"]
[BlackElo "2529"]
[TimeControl "180+1"]
[EndTime "10:07:29 PDT"]
[Termination "VladaSviridova won by resignation"]

1. d4 Nf6 2. c4 g6 3. Nc3 Bg7 4.
e4 O-O 5. Nf3 d6 6. Be2 Bg4 7.
Be3 Nc6 8. d5 Bxf3 9. Bxf3 Ne5 10. Be2 c5 11. O-O Qc8 12. h3 a6 13. a4 Ne8 14. a5 Nd7 15. Qd2 Qc7 16. f4 b6 17. axb6 Qxb6 18. Ra2 Nc7 19. Rfa1 Rfb8 20. Kh2 Qb4 21. Qd3 Qb6 22. Bg4 Nf6 23. Bf3 Nd7 24. e5 dxe5 25. d6 Qxd6 26. Qxd6 exd6 27. Bxa8 Rxa8 28. Ne4 Bf8 29. Rd1 Ne8 30. fxe5 Nxe5 31. b3 f5 32. Ng5 Nc7 33. Nf3 Bg7 34. Bf4 Ne6 35. Bxe5 dxe5 36. Rd6 Nd4 37. Nxd4 cxd4 38. Raxa6 Rb8 39. Rab6 Rc8 40. Rbc6 Rb8 41. Rb6 Rc8 42. Rdc6 Rf8 43. Rb7 e4 44. Re6 Rd8 45. Ree7 Bf6 46. Rf7 Be5+ 47. g3 d3 48. Rfd7 Rxd7 49. Rxd7 Bc3 50.
c5 e3 51. c6 Ba5 52. Rxd3 e2 53. Re3 1-0

[Event "*** Titled Tuesday Blitz"]
[Site "Chess.com"]
[Date "2021.03.30"]
[Round "1"]
[White "ShapkinAnatoliy"]
[Black "tteshan"]
[Result "1-0"]
[WhiteElo "2659"]
[BlackElo "2348"]
[TimeControl "180+1"]
[EndTime "10:07:30 PDT"]
[Termination "ShapkinAnatoliy won by resignation"]

1. d4 d5 2. c4 dxc4 3. Nf3 Nf6 4. e3 Bg4 5. Bxc4 e6 6. h3 Bh5 7. O-O a6 8. Nc3 Nc6 9. Be2 Bd6 10. a3 O-O 11. b4 Re8 12. Bb2 Qe7 13. Rc1 Rad8 14. Nd2 Bxe2 15. Qxe2 e5 16. d5 Na7 17. e4 c6 18. Nc4 Bb8 19. Rfd1 cxd5 20. exd5 Nc8 21.
Rc2 Nd6 22. Nxd6 Rxd6 23. Rcd2 h6 24. Na4 Ba7 25. Nc5 Red8 26. Qxe5 Qxe5 27. Bxe5 Bxc5 28. Bxf6 Bxb4 29. Bxd8 Bxd2 30. Be7 Rd7 31. d6 Bf4 32. g3 Be5 33. f4 Bb2 34. a4 Ba3 35. Kg2 f6 36. Kf3 Kf7 37. Ke4 g6 38. f5 g5 39.
Kd5 h5 40. g4 hxg4 41. hxg4 b5 42. axb5 axb5 43. Rh1 Kg7 44. Ke6 1-0

[Event "*** Titled Tuesday Blitz"]
[Site "Chess.com"]
[Date "2021.03.30"]
[Round "1"]
[White "elextranjero00"]
[Black "OlifantCZ"]
[Result "1-0"]
[WhiteElo "2614"]
[BlackElo "2314"]
[TimeControl "180+1"]
[EndTime "10:07:31 PDT"]
[Termination "elextranjero00 won by resignation"]

1. d4 Nf6 2. c4 g6 3. Nc3 Bg7 4. e4 O-O 5. Nf3 c5 6. Be2 cxd4 7. Nxd4 Nc6 8. Be3 d6 9. O-O Nxd4 10. Bxd4 Be6 11.
Rc1 Qa5 12. b3 Rfc8 13. f4 a6 14. Kh1 Rab8 15. f5 Bd7 16. Qd3 Bc6 17. Nd5 Bxd5 18. exd5 b5 19. cxb5 axb5 20. Rxc8+ Rxc8 21. Qxb5 Qxa2 22. Bc4 Ne4 23. Bg1 Bf6 24. fxg6 hxg6 25. Qd7 Ra8 26. Qg4 Ng5 27. h3 Kg7 28. Bd4 Nh7 29. Bxf6+ Nxf6 30. Qf4 Ra7 31. Qe3 Qc2 32. Qxa7 Ne4 33. Qe3 f5 34. Kh2 Qb2 35. Bd3 Qe5+ 36. Kg1 Qc3 37.
Re1 Qxb3 38. Bxe4 Qxe3+ 39. Rxe3 fxe4 40. Rxe4 Kf6 41. Kf2 1-0

[Event "*** Titled Tuesday Blitz"]
[Site "Chess.com"]
[Date "2021.03.30"]
[Round "1"]
[White "stepakyedael"]
[Black "deribas12345"]
[Result "0-1"]
[WhiteElo "2297"]
[BlackElo "2591"]
[TimeControl "180+1"]
[EndTime "10:07:31 PDT"]
[Termination "deribas12345 won on time"]

1. d4 Nf6 2. c4 c5 3. d5 b5 4. cxb5 a6 5. b6 d6 6. Nc3 Nbd7 7. e4 Qxb6 8. a4 g6 9. a5 Qb4 10. Ra4 Qb7 11. Nf3 Bg7 12. Nd2 O-O 13. Ra3 Ne8 14. Nc4 Nc7 15. Rb3 Nb5 16. Na3 Qc7 17. Naxb5 axb5 18.
Nxb5 Qxa5+ 19. Bd2 Qa4 20. Ra3 Qxe4+ 21. Qe2 Qb1+ 22.
Qd1 Qxd1+ 23. Kxd1 Bb7 24. Bc4 Bxb2 25. Rb3 Ra1+ 26.
Kc2 Rxh1 27. Rxb2 Nb6 28. Nxd6 Nxc4 29. Nxc4 Bxd5 30. Ne3 Be6 31. Rb7 Re8 32. Bc3 Rxh2 33. Rc7 c4 34. Be5 Rh1 35. g4 h5 36. gxh5 gxh5 37. Ng2 Bf5+ 38. Kc3 f6 39. Bg3 Rc1+ 40. Kd4 Rd8+ 41. Ke3 c3 42. Rxe7 c2 43. Rc7 Rcd1 44.
Nh4 Bh7 45. Kf4 c1=Q+ 46. Rxc1 Rxc1 47. Nf3 Rc4+ 48. Ke3 Rd3+ 49. Ke2 Rc2+ 50. Ke1 Rxf3 51.
Kd1 Rxg3 52. fxg3 Rg2 0-1

[Event "*** Titled Tuesday Blitz"]
[Site "Chess.com"]
[Date "2021.03.30"]
[Round "1"]
[White "m-garcett"]
[Black "J36225"]
[Result "0-1"]
[WhiteElo "2118"]
[BlackElo "2509"]
[TimeControl "180+1"]
[EndTime "10:07:31 PDT"]
[Termination "J36225 won by resignation"]

1. e4 e5 2. Nf3 Nc6 3. Bb5 a6 4. Ba4 Nf6 5. O-O Nxe4 6. d4 b5 7. Bb3 d5 8. dxe5 Be6 9. Qe2 Be7 10. c4 bxc4 11. Bxc4 Nxf2 12. Bb3 Ne4 13. Nbd2 Nxd2 14.
Bxd2 O-O 15. Rac1 Qd7 16. Qd3 f6 17. exf6 Bxf6 18. Ba4 Bxb2 19. Bxc6 Qd6 20. Bxa8 Bxc1 21. Rxc1 Rxa8 22. Qc3 Rc8 23. Qe5 Qd7 24. Ng5 Bf7 25.
Bc3 Bg6 26. Qe6+ Qxe6 27. Nxe6 c5 28. Be5 Re8 29. Nxg7 Rxe5 30. Rxc5 Kxg7 31. Ra5 Re1+ 32. Kf2 Rd1 33. Rxa6 d4 34. Ra3 d3 35. Ke3 Re1+ 36.
Kd2 Re2+ 37. Kd1 Rxg2 38. Rc3 Bh5+ 0-1

[Event "*** Titled Tuesday Blitz"]
[Site "Chess.com"]
[Date "2021.03.30"]
[Round "1"]
[White "Chessbard1972"]
[Black "szachuspl"]
[Result "0-1"]
[WhiteElo "2243"]
[BlackElo "2550"]
[TimeControl "180+1"]
[EndTime "10:07:32 PDT"]
[Termination "szachuspl won by resignation"]

1. d4 Nf6 2. Nf3 g6 3. c4 Bg7 4. g3 O-O 5. Bg2 d6 6. O-O Nbd7 7. Nc3 e5 8. h3 c6 9. e4 Re8 10. Re1 h6 11. Be3 a6 12. Qc2 Qe7 13. Rad1 b5 14.
c5 dxc5 15. dxe5 Nxe5 16. Nxe5 Qxe5 17. f4 Qh5 18. e5 Nd5 19. Nxd5 cxd5 20. Bxd5 Rb8 21.
Bxc5 Bxh3 22. Qf2 Bg4 23. Rc1 Rbd8 24. Bg2 Kh7 25. Bd6 f6 26. Rc7 Rd7 27. Rec1 fxe5 28. Rxd7 Bxd7 29. Rc7 Qd1+ 30. Bf1 Qxd6 31. Qa7 Re7 32.
Bh3 exf4 33. Rxd7 Bd4+ 34. Qxd4 Rxd7 35. Qe4 fxg3 36. Bxd7 Qxd7 37. Kg2 Qc7 38. b4 h5 39.
a3 Kh6 40. Qe3+ Kg7 41. Qd4+ Kf7 42. Qd5+ Ke7 43. Qe4+ Kf6 44. Qd4+ Qe5 45. Qb6+ Kg5 46. Qxa6 Kf4 47. Qa7 Qe2+ 48. Kg1 Qh2+ 49. Kf1 g2+ 0-1

[Event "*** Titled Tuesday Blitz"]
[Site "Chess.com"]
[Date "2021.03.30"]
[Round "1"]
[White "Pikachess999"]
[Black "Korchmar_Vasiliy"]
[Result "1/2-1/2"]
[WhiteElo "2353"]
[BlackElo "2633"]
[TimeControl "180+1"]
[EndTime "10:07:33 PDT"]
[Termination "Game drawn by repetition"]

1. e4 c5 2. a3 Nc6 3. b4 e5 4. b5 Nd4 5. c3 Ne6 6. Nf3 Nf6 7. Nxe5 Nxe4 8. d4 cxd4 9. cxd4 Qa5+ 10. Bd2 Nxd2 11.
Qxd2 Qxd2+ 12. Kxd2 Nxd4 13. Bc4 d5 14. Bxd5 Be6 15.
Nc3 Bd6 16. Nc4 Bf4+ 17. Kd3 Nb3 18. Rae1 O-O-O 19. Ke4 Bc7 20. Bxe6+ fxe6 21. Rd1 Rhf8 22. Rxd8+ Kxd8 23. Rd1+ Ke7 24. Ke3 Rf5 25. f3 Rc5 26. Kd3 Rg5 27. g3 Nc5+ 28. Ke3 Rh5 29. Rd2 Nb3 30. Rb2 Nc5 31. a4 Rf5 32. a5 Bb8 33. b6 a6 34. Rc2 Rf8 35. Ne4 Nxe4 36. Kxe4 Rc8 37. Kd4 Rd8+ 38. Ke4 Rd5 39. Rd2 Rc5 40. Kd3 Rd5+ 41. Ke4 Rc5 42. Kd4 Rd5+ 43. Ke4 1/2-1/2

[Event "*** Titled Tuesday Blitz"]
[Site "Chess.com"]
[Date "2021.03.30"]
[Round "1"]
[White "Nesty_Javi_Chess"]
[Black "Spring199"]
[Result "0-1"]
[WhiteElo "2607"]
[BlackElo "2346"]
[TimeControl "180+1"]
[EndTime "10:07:33 PDT"]
[Termination "Spring199 won by resignation"]

1. e4 e5 2. Nf3 Nc6 3. d4 exd4 4. Bc4 Bc5 5. O-O Nge7 6. Ng5 Ne5 7.
Nxf7 Nxf7 8. Bxf7+ Kxf7 9. Qh5+ g6 10. Qxc5 Nc6 11. Qc4+ Kg7 12. c3 Qf6 13. cxd4 Qxd4 14.
Qc2 d6 15. Bd2 Qb6 16. Bc3+ Ne5 17. Kh1 Rf8 18. Na3 Kg8 19. Rad1 Be6 20. b3 Ng4 21.
Bd4 c5 22. Bc3 Qa6 23. Nc4 Bxc4 24. bxc4 Qxc4 25. Qb2 Ne3 26. Rfe1 Nxd1 27. Rxd1 b5 28. f3 Rae8 29. h3 Rf7 30. Rxd6 Ref8 31. Rd1 b4 32. Be5 Qe6 33. Rd5 Rxf3 34. gxf3 Qxh3+ 35. Kg1 Qxf3 36. Qg2 Qe3+ 37. Kh1 Rf2 38. Rd8+ Kf7 39. Rd7+ Ke8 40. Re7+ Kxe7 41. Qg5+ Qxg5 0-1

[Event "*** Titled Tuesday Blitz"]
[Site "Chess.com"]
[Date "2021.03.30"]
[Round "1"]
[White "swisspower96"]
[Black "Mili_Brizzi"]
[Result "1-0"]
[WhiteElo "2571"]
[BlackElo "2268"]
[TimeControl "180+1"]
[EndTime "10:07:33 PDT"]
[Termination "swisspower96 won on time"]

1. d4 d5 2. c4 c6 3. cxd5 cxd5 4. Bf4 Nf6 5. e3 Nc6 6. Nc3 Bf5 7. Nf3 e6 8. Be2 Be7 9. Qb3 O-O 10. Qxb7 Nb4 11.
O-O Nh5 12. Bc7 Qc8 13. Qxc8 Rfxc8 14. Bg3 Nxg3 15. hxg3 Rab8 16. Rac1 Bd3 17. Rfe1 Bxe2 18. Rxe2 Nd3 19. Rcc2 f6 20. Na4 g5 21. b3 Nb4 22. Rcd2 Rc7 23. Ne1 Rbc8 24. g4 Rc1 25.
Kh2 Bd6+ 26. g3 Kg7 27. a3 Na6 28. b4 Kg6 29. Nc5 Nxc5 30. dxc5 Be5 31. Nd3 Ra1 32. Ra2 Rb1 33. Nxe5+ fxe5 34. Rab2 Ra1 35. Rb3 h5 36.
gxh5+ Kxh5 37. Kg2 g4 38. Rc2 Kg5 39. Rbc3 Rh8 40.
Rc1 Ra2 41. c6 d4 42. exd4 exd4 43. Rc5+ Kf6 44. c7 Rc8 45. R1c4 Rxa3 46. Rxd4 1-0

[Event "*** Titled Tuesday Blitz"]
[Site "Chess.com"]
[Date "2021.03.30"]
[Round "1"]
[White "Kotofeyca"]
[Black "Airquake"]
[Result "0-1"]
[WhiteElo "2360"]
[BlackElo "2675"]
[TimeControl "180+1"]
[EndTime "10:07:36 PDT"]
[Termination "Airquake won on time"]

1. d4 Nf6 2. c4 e6 3. Nf3 d5 4.
Nc3 b6 5. cxd5 exd5 6. Bg5 Be7 7.
e3 O-O 8. Be2 Nbd7 9. O-O Bb7 10.
Rc1 h6 11. Bh4 c5 12. dxc5 bxc5 13. Qc2 Rc8 14. Rfd1 Qb6 15. Na4 Qa5 16. b3 Rfd8 17.
Qc3 Qxc3 18. Nxc3 g5 19. Bg3 Nb6 20. Nb5 a6 21. Bc7 axb5 22. Bxb6 Rd6 23. Bxc5 Rdc6 24. b4 Bxc5 25. bxc5 Rxc5 26. Rxc5 Rxc5 27. Nd4 Ne4 28.
Nxb5 Ba6 29. a4 Bxb5 30. Bxb5 Nc3 31. Ra1 Nxb5 32. axb5 Rxb5 33. g4 Kg7 34. h3 h5 35.
Kg2 hxg4 36. hxg4 Kf6 37. Kg3 Ke5 38. Ra7 f6 39. Re7+ Kd6 40. Re8 Rb1 41. f4 Rb3 42. f5 d4 43. Kf3 Rxe3+ 44. Rxe3 dxe3 45. Kxe3 Ke5 46. Kf3 Kd4 47. Kf2 Ke4 48. Kg3 Ke3 49. Kg2 Kf4 50. Kh3 Kf3 0-1

[Event "*** Titled Tuesday Blitz"]
[Site "Chess.com"]
[Date "2021.03.30"]
[Round "1"]
[White "lanita_1408"]
[Black "korkmaz16"]
[Result "1/2-1/2"]
[WhiteElo "2147"]
[BlackElo "2502"]
[TimeControl "180+1"]
[EndTime "10:07:37 PDT"]
[Termination "Game drawn by repetition"]

1. e4 e6 2. d4 d5 3. Nc3 Nf6 4. Bg5 Be7 5. e5 Nfd7 6. h4 Bxg5 7. hxg5 Qxg5 8. Nf3 Qe7 9. Bd3 h6 10. Qd2 Nc6 11.
g4 Nb6 12. g5 h5 13. g6 f6 14. exf6 gxf6 15. O-O-O Rg8 16. Rxh5 Bd7 17. Rh7 Qb4 18.
a3 Qa5 19. Rf7 e5 20. dxe5 fxe5 21. Qg5 Be6 22. Rxc7 Na4 23. Rxc6 bxc6 24. Nxa4 Qxa4 25. Qf6 Qf4+ 26. Qxf4 exf4 27. Nd4 Bd7 28. Re1+ Kd8 29.
Ne6+ Bxe6 30. Rxe6 Kd7 31. Re5 Raf8 32. Rh5 Rg7 33. Kd2 Rf6 34. f3 Kd6 35. Rh8 c5 36. c4 d4 37. Rd8+ Kc7 38. Ra8 Kb7 39. Rd8 Kc7 40.
Ra8 Kb6 41. Rd8 Kc7 1/2-1/2

[Event "*** Titled Tuesday Blitz"]
[Site "Chess.com"]
[Date "2021.03.30"]
[Round "1"]
[White "iamnotIM"]
[Black "BeyondMadness"]
[Result "1-0"]
[WhiteElo "2598"]
[BlackElo "2296"]
[TimeControl "180+1"]
[EndTime "10:07:38 PDT"]
[Termination "iamnotIM won on time"]

1. c4 e5 2. g3 Nf6 3. Bg2 c6 4. d4 e4 5. Nc3 d5 6. Bg5 Nbd7 7.
cxd5 cxd5 8. Qb3 Bd6 9. Nh3 h6 10. Bf4 Bxf4 11. Nxf4 Nb6 12. a4 O-O 13. a5 Nc4 14.
Nfxd5 Nxa5 15. Nxf6+ gxf6 16. Qd5 Qxd5 17. Nxd5 Nb3 18.
Nxf6+ Kg7 19. Nh5+ Kh8 20. Rd1 f5 21. e3 Bd7 22. O-O Rac8 23. Nf4 Kg7 24. f3 Rc2 25. Rf2 Rfc8 26. Rxc2 Rxc2 27. fxe4 fxe4 28. Bxe4 Rxb2 29. Bxb7 Nd2 30. Bg2 Bg4 31. Ra1 Nc4 32.
Rxa7+ Kf8 33. h3 Rb1+ 34. Kh2 Bf5 35. g4 Bc2 36. Nd5 Re1 37. Rc7 Nxe3 38. Nxe3 Rxe3 39. Rxc2 1-0

[Event "*** Titled Tuesday Blitz"]
[Site "Chess.com"]
[Date "2021.03.30"]
[Round "1"]
[White "Srisshhhtea"]
[Black "Sadykov_Ramil"]
[Result "1/2-1/2"]
[WhiteElo "2322"]
[BlackElo "2605"]
[TimeControl "180+1"]
[EndTime "10:07:39 PDT"]
[Termination "Game drawn by repetition"]

1. e4 c5 2. Nf3 e6 3. d3 Nc6 4. Be2 Nf6 5. O-O d5 6. Nbd2 Be7 7. c3 e5 8. Qc2 O-O 9. a3 h6 10. b4 a6 11. Rb1 b5 12. Rd1 Be6 13.
Bf1 Rc8 14. Qb2 Qb6 15. Re1 d4 16. cxd4 cxd4 17. Nb3 Nd7 18. Bd2 Rc7 19. Rbc1 Rfc8 20. h3 Bd6 21. Nh4 Ne7 22. Na5 Kh7 23. Be2 f6 24.
Bg4 Nf8 25. Bxe6 Nxe6 26. Nf5 Nxf5 27. exf5 Nf8 28. g4 Nd7 29. Qb3 Rxc1 30. Rxc1 Rxc1+ 31. Bxc1 Qc7 32. Bd2 e4 33. dxe4 Bf4 34. Qd1 Bxd2 35.
Qxd2 Ne5 36. Kg2 d3 37. Nb3 Qc4 38. Nc5 Qc2 39. Qxc2 dxc2 40. Nb3 Nd3 41. Kf3 c1=Q 42. Nxc1 Nxc1 43. Ke3 h5 44. f3 hxg4 45. hxg4 Kg8 46.
Kd2 Nb3+ 47. Kc3 Nc1 48. Kd2 Nb3+ 49. Kc3 Nc1 50. Kd2 1/2-1/2

[Event "*** Titled Tuesday Blitz"]
[Site "Chess.com"]
[Date "2021.03.30"]
[Round "1"]
[White "kamilianin235"]
[Black "Lenyas66"]
[Result "1-0"]
[WhiteElo "2262"]
[BlackElo "2535"]
[TimeControl "180+1"]
[EndTime "10:07:39 PDT"]
[Termination "kamilianin235 won on time"]

1. e4 c5 2. Nf3 Nc6 3. Bb5 Nd4 4. Nxd4 cxd4 5. c3 Qb6 6. Be2 Qg6 7. d3 Qxg2 8. Bf3 Qg6 9. cxd4 Qb6 10. Be3 e6 11. O-O Nf6 12. Nd2 d5 13. Re1 Be7 14. Rc1 O-O 15. Bg5 h6 16. Bh4 Qxd4 17. Nb3 Qa4 18.
Kh1 dxe4 19. dxe4 e5 20. Rc7 Rd8 21. Qe2 Bd6 22. Rc4 Qa6 23. Bxf6 gxf6 24. Bg4 Kf8 25. Rec1 Ke7 26. Qf3 Bd7 27. Nd2 Bb5 28. R4c3 Qb6 29. Nf1 Bc6 30. Ne3 Bb4 31. R3c2 Rd4 32. Nf5+ Ke8 33.
Nxd4 Qxd4 34. a3 Bxe4 35. Rc8+ Rxc8 36. Rxc8+ Ke7 37. axb4 Bxf3+ 38. Bxf3 e4 39. Bg4 Qxf2 40. Rc7+ Kd6 41. Rc1 f5 42. Bh3 e3 43. Rf1 1-0

[Event "*** Titled Tuesday Blitz"]
[Site "Chess.com"]
[Date "2021.03.30"]
[Round "1"]
[White "fabianvivasz"]
[Black "frederiksvane"]
[Result "1-0"]
[WhiteElo "2395"]
[BlackElo "2687"]
[TimeControl "180+1"]
[EndTime "10:07:40 PDT"]
[Termination "fabianvivasz won on time"]

1. e4 c5 2. Nc3 b6 3. Nf3 Bb7 4. d4 cxd4 5. Nxd4 e6 6. Bd3 Nc6 7. Nxc6 Bxc6 8. O-O Ne7 9. f4 Qc7 10. Kh1 Qb7 11. Qe2 g6 12. Ba6 Qb8 13. f5 gxf5 14.
Bf4 e5 15. Bg5 f4 16. Rad1 Ng6 17. Nd5 Bxd5 18. Rxd5 Be7 19. Qg4 Bxg5 20. Qxg5 Qc7 21. Rfd1 Rd8 22. Bb5 O-O 23. Bxd7 Qxc2 24. Ba4 Qxa4 25. Rxd8 Rxd8 26. Qxd8+ Kg7 27. Qd5 Qc2 28. b4 f3 29. gxf3 Qf2 30. Qd3 Qxa2 31. Rg1 Qb2 32. b5 Qf2 33. Qf1 Qe3 34. Qg2 Kf8 35. Qg4 Qd3 36.
Qc8+ Kg7 37. Qf5 Qxb5 38. h4 h5 39. Qxh5 Qe2 40. Qxe5+ Kh7 41. Qf5 1-0

[Event "*** Titled Tuesday Blitz"]
[Site "Chess.com"]
[Date "2021.03.30"]
[Round "1"]
[White "Speed-O-Sonic"]
[Black "Bathory44"]
[Result "0-1"]
[WhiteElo "2354"]
[BlackElo "2671"]
[TimeControl "180+1"]
[EndTime "10:07:40 PDT"]
[Termination "Bathory44 won by resignation"]

1. d4 d5 2. Bf4 Nf6 3. e3 e6 4. Nd2 c5 5. c3 Nc6 6. Bd3 Bd6 7. Bg3 b6 8. f4 O-O 9. Ngf3 Bb7 10. O-O Rc8 11. Bh4 cxd4 12. cxd4 Nb4 13. Bb1 Ba6 14. Re1 Bd3 15. Ne5 Bc2 16. Qe2 Bxb1 17. Raxb1 Be7 18. a3 Nc6 19. Rbc1 Qd6 20. b4 Rc7 21. Nb3 Rfc8 22. Qb2 Ne4 23. Rxc6 Rxc6 24. Bxe7 Qxe7 25. Nxc6 Rxc6 26. Rc1 Qc7 27. Rxc6 Qxc6 28. Qc1 Qxc1+ 29. Nxc1 Nc3 30. Kf2 b5 31. Nd3 Nb1 32. Ne5 Nxa3 33. Nc6 a6 34. Nb8 Kf8 35. Nxa6 Ke7 36. Ke2 Kd6 37. Kd2 Nc4+ 38. Kd3 f6 39. Nc5 e5 40. fxe5+ fxe5 41. Nb7+ Kc7 42. Nc5 e4+ 43. Ke2 Kd6 44. Nb7+ Kc6 45. Nc5 Nb2 46. Ne6 g6 47. Nd8+ Kd6 48.
Nf7+ Ke6 49. Nd8+ Kd7 50. Nf7 Nd3 51. Ne5+ Nxe5 52. dxe5 Ke6 0-1

[Event "*** Titled Tuesday Blitz"]
[Site "Chess.com"]
[Date "2021.03.30"]
[Round "1"]
[White "Fablibi"]
[Black "Tactictic"]
[Result "1-0"]
[WhiteElo "2710"]
[BlackElo "2385"]
[TimeControl "180+1"]
[EndTime "10:07:42 PDT"]
[Termination "Fablibi won by checkmate"]

1. Nf3 d5 2. c4 e6 3. g3 Nf6 4. Bg2 dxc4 5. Qa4+ Bd7 6. Qxc4 c5 7. Ne5 Qc8 8. O-O Nc6 9. Nxd7 Qxd7 10. Qb5 Rc8 11. Nc3 Be7 12. d3 O-O 13. Be3 a6 14. Qa4 Rfd8 15.
Rfc1 Nd4 16. Qxd7 Rxd7 17. Kf1 Ng4 18. Na4 Rcc7 19. Nb6 Rd8 20. Bh3 Nxe3+ 21. fxe3 Nc6 22. Bg2 Ne5 23. h3 Rd6 24. Na4 Rd8 25. Nb6 Rd6 26. Na4 Rd8 27. d4 Nd7 28. b4 c4 29. Nc5 Nxc5 30.
bxc5 b5 31. cxb6 Rcc8 32. b7 Rc7 33. Rab1 Rb8 34. Rc3 a5 35. Rbc1 Kf8 36. Rxc4 Rd7 37. Rc8+ Rd8 38. Rxd8+ Bxd8 39. Rc8 Rxc8 40. bxc8=Q Ke7 41.
Qb7+ Kf6 42. Qb5 Be7 43. Qe5+ Kg6 44. Be4+ Kh6 45. Qf4+ g5 46. Qxf7 Bd6 47. Qxe6+ Kh5 48. Qf7+ Kh6 49. Qxh7# 1-0

[Event "*** Titled Tuesday Blitz"]
[Site "Chess.com"]
[Date "2021.03.30"]
[Round "1"]
[White "AlexSuv"]
[Black "andy_rekt"]
[Result "0-1"]
[WhiteElo "2568"]
[BlackElo "2310"]
[TimeControl "180+1"]
[EndTime "10:07:42 PDT"]
[Termination "andy_rekt won by resignation"]

1. d4 f5 2. g3 Nf6 3. Bg2 g6 4. Nf3 Bg7 5. O-O O-O 6. c4 d6 7. Nc3 Nc6 8. d5 Ne5 9. Nd2 c5 10. h3 a6 11. f4 Nf7 12. e4 fxe4 13. Ndxe4 Nxe4 14. Nxe4 b5 15. cxb5 axb5 16. g4 Bb7 17. f5 Bd4+ 18. Kh1 Bxd5 19. Nf6+ exf6 20. Bxd5 Ra7 21.
fxg6 hxg6 22. Qd3 Kg7 23. Qxb5 Re7 24. Bf4 Rfe8 25. a4 Re2 26. a5 Rxb2 27. Qc4 Ne5 28. Bxe5 Rxe5 29. Ra2 Rb4 30. Qc2 Rxd5 31. a6 Re5 32. a7 Qa8+ 33. Qg2 d5 34. Qf3 Re7 35. g5 f5 36. h4 Rxa7 37. Re2 Rb8 38. h5 gxh5 39. Qxf5 Rf8 40. Qh3 Rxf1+ 41. Qxf1 Qf8 42. Qh3 Rf7 43. Qxh5 Rf1+ 44. Kg2 Rg1+ 45. Kh2 Qf4+ 46. Kh3 Rh1+ 47. Kg2 Rxh5 0-1